Map: Orbital Shipyard

Players

Javert - Winner!

  • Race: Zerg Zerg
  • League: Gold

VOD

Have the link to the VOD?

Description

Time

  • Played on: Sept. 28, 2015, 12:58 a.m.
  • Length: 2:56
Show
View Real Time Build Order
Export as new Build Order

Javert Zerg - Winner!

Build Orders: Pool First 

Get SALT Encoding   

  12  0:03  Drone  
  12  0:17  Overlord  
  12  0:18  Drone  
  12  0:35  Drone x2  
  12  0:40  Drone  
  12  0:44  Spawning Pool  
  12  0:51  Drone  
  12  1:11  Hatchery  
  12  1:19  Drone, Extractor  
  12  1:21  Drone  
  12  1:32  Roach Warren  
  12  1:38  Queen  
  12  1:45  Drone x2  
  12  1:52  Overlord  
  12  2:13  Roach x2  
  12  2:18  Roach  
  12  2:30  Roach  
Tags
 
Add a new tag
Caveats
  • Supply blocks, unpowered buildings, or Contaminate may cause inaccurate times.
  • Supply counts are checked every 10 seconds.